 Dungeon Crawl Stone Soup version 0.31-a0-703-gcfe89afef6 (webtiles) character file.

Game seed: 4254892948522888819

176 qw the Shooter (level 5, -5/34 HPs)
             Began as a Gargoyle Hunter on Sept 8, 2023.
             Slain by an ogre
             ... wielding a +0 giant club
              (20 damage)
             ... on level 3 of the Dungeon.
             The game lasted 00:01:00 (1795 turns).

qw the Shooter (Gargoyle Hunter)                    Turns: 1795, Time: 00:01:00

Health: -5/34      AC:  8    Str: 14    XL:     5   Next: 56%
Magic:  5/5        EV: 11    Int: 10    God:
Gold:   155        SH:  0    Dex: 15    Spells: 4/4 levels left

rFire   . . .        Y - +0 shortbow
rCold   . . .        (shield currently unavailable)
rNeg    + + .        c - +0 leather armour
rPois   inf          (no helmet)
rElec   +            (no cloak)
rCorr   .            (no gloves)
SInv    .            f - +0 pair of boots
Will    .....        l - amulet of regeneration
Stlth   ++           j - ring of positive energy
HPRegen 1.05/turn    (no ring)
MPRegen 0.09/turn

%: no passive effects
@: no status effects
A: sickness immunity, AC +4, negative energy resistance 1, electricity
resistance, torment resistance 1, petrification resistance
a: no special abilities


You were on level 3 of the Dungeon.
You visited 1 branch of the dungeon, and saw 3 of its levels.

You collected 155 gold pieces.


Innate Abilities, Weirdness & Mutations

You are immune to sickness and miasma.
Your stone body is resilient. (AC +4)
You are immune to poison.
You resist negative energy. (rN+)
You are resistant to electric shocks. (rElec)
You are resistant to unholy torment.
You are immune to petrification.


   Skills:
 - Level 4.6 Fighting
 + Level 5.4 Ranged Weapons
 - Level 1.5 Dodging
 - Level 1.1 Stealth


You had 4 spell levels left.
You didn't know any spells.
Your spell library was empty.

Inventory:

Hand Weapons
 Y - a +0 shortbow (weapon)
Armour
 c - a +0 leather armour (worn)
 d - a +0 ring mail
 f - a +0 pair of boots (worn)
 m - a +2 cloak
Jewellery
 j - a ring of positive energy (left hand)
 l - an amulet of regeneration (around neck)
 n - a +6 ring of strength
Scrolls
 e - a scroll of immolation {unknown}
 g - a scroll of identify
 h - a scroll of torment {unknown}
Potions
 a - 2 potions of brilliance {unknown}
 b - 2 potions of mutation {unknown}
 i - a potion of haste {unknown}
 k - a potion of curing {unknown}

Dungeon Overview and Level Annotations

Branches:
Dungeon (3/15)

Altars:


Message History

The arrow hits Terence but does no damage.
Terence is almost dead.
The hobgoblin barely misses you. Terence hits you but does no damage.
Terence closely misses you.
The hobgoblin hits you but does no damage.
You shoot an arrow. The arrow hits Terence.
You kill Terence!
The hobgoblin hits you.
You shoot an arrow. The arrow hits the hobgoblin!
You kill the hobgoblin!
You start resting.
HP restored.
Things that are here:
a +1 hand axe of electrocution; a +0 chain mail You hear the rusting of a very distant drain.
You now have 155 gold pieces (gained 10).
Found a scale mail.
You see here a +0 scale mail.
e - a scroll labelled ZEONKI RYTT
h - a scroll labelled DOWODO UZEI
m - a +2 cloak You hear the brisk rusting of a very distant drain.
n - a +6 ring of strength An ogre comes into view.
It is wielding a +0 giant club.
Enter note:
Enter note: You shoot an arrow.
The arrow completely misses the ogre.
The ogre hits you with a +0 giant club!
You shoot an arrow.
The arrow hits the ogre but does no damage.
The ogre hits you with a +0 giant club!
You shoot an arrow. The arrow barely misses the ogre.
You shoot an arrow.
The arrow hits the ogre but does no damage.
The ogre hits you with a +0 giant club.
You shoot an arrow. The arrow hits the ogre.
The ogre is lightly wounded.
The ogre hits you with a +0 giant club!!
Ouch! That really hurt!
You die...

#.............######........#
#.............######........'
#.................##........#
#.................##........#
###.##............##........#
#.##............##.........
#.########.############%... #.#
#.# #.... #.# #@# #####.##
#.########.O...... ..)#<..
#######.......##############.#[##
..............[..............>...
#######...........##########.#.##
#.#####.....# #....#.# #.#
#.....# #.##.#.# ###.#####.....#
#.##.#.# #
#........############.##.#.#


You could see an ogre.

Vanquished Creatures
  A black bear (D:3)
  Terence (D:3)
  2 adders
  2 dart slugs (D:1)
  6 endoplasms
  6 goblins
  5 hobgoblins
  7 kobolds
  A quokka (D:2)
  2 ball pythons
  2 bats
  2 frilled lizards
  3 rats
40 creatures vanquished.

Notes
Turn   | Place    | Note
-------+----------+-------------------------------------------
     0 | D:1      | qw the Gargoyle Hunter began the quest for the Orb.
     0 | D:1      | Reached XP level 1. HP: 12/12 MP: 1/1
     0 | D:1      | 0 ||| qw: Version: 0.3-a-76-g4403597
     0 | D:1      | 0 ||| qw: Game counter: 1296
     0 | D:1      | 0 ||| qw: Melee chars always use a shield: true
     0 | D:1      | 0 ||| qw: God list: Okawaru
     0 | D:1      | 0 ||| qw: Allow faded altars: false
     0 | D:1      | 0 ||| qw: Do Orc after clearing Dungeon:15 true
     0 | D:1      | 0 ||| qw: Do second Lair branch before Depths: true
     0 | D:1      | 0 ||| qw: Lair rune preference: random
     0 | D:1      | 0 ||| qw: Goals: Normal
     0 | D:1      | 0 ||| PLANNING D:1-11
   169 | D:1      | Reached XP level 2. HP: 17/17 MP: 2/2
   647 | D:1      | Reached XP level 3. HP: 21/21 MP: 3/3
   851 | D:1      | 851 ||| UPGRADING to +0 pair of boots.
   856 | D:1      | 856 ||| UPGRADING to ring of positive energy.
   857 | D:1      | 857 ||| READING scroll labelled NAGODI BISANAI.
   858 | D:1      | 858 ||| READING scroll labelled GOTOTALEIPUI.
   859 | D:1      | 859 ||| READING 2 scrolls labelled QAITIOTOADU.
   860 | D:1      | 860 ||| READING scroll labelled XOSASAE TEGOAS.
   861 | D:1      | 861 ||| DROPPING scroll of butterflies.
   862 | D:1      | 862 ||| DROPPING scroll of revelation.
  1112 | D:2      | Reached skill level 5 in Ranged Weapons
  1486 | D:2      | 1486 ||| UPGRADING to amulet of the acrobat.
  1491 | D:2      | 1491 ||| UPGRADING to amulet of regeneration.
  1501 | D:2      | 1501 ||| DROPPING amulet of the acrobat.
  1502 | D:2      | 1502 ||| DROPPING ring of magical power.
  1503 | D:2      | 1503 ||| READING scroll labelled QIREAT KISTRUI.
  1508 | D:2      | 1508 ||| READING 2 scrolls labelled EREVISS ATARYG.
  1509 | D:2      | 1509 ||| DROPPING scroll of fog.
  1525 | D:3      | 1525 ||| PLANNING SEWER
  1525 | D:3      | Noticed a black bear
  1531 | D:3      | Killed a black bear
  1532 | D:3      | Reached XP level 4. HP: 26/30 MP: 4/4
  1532 | D:3      | Reached XP level 5. HP: 30/34 MP: 5/5
  1679 | D:3      | Noticed Terence
  1698 | D:3      | Killed Terence
  1790 | D:3      | Noticed an ogre
  1795 | D:3      | Slain by an ogre

Levels and vault maps discovered:
D:1:      minmay_arrival_up_and_down, layout_basic
D:2:      layout_rooms, small_statue_intersection
D:3:      layout_basic, gup_sewer_entry_spiral, uniq_terence

Skill      XL: |  1  2  3 |
---------------+----------+-----
Ranged Weapons | 5 |  5.4
Fighting       | 4 |  4.6
Dodging        | |  1.5
Stealth        | |  1.1

Action                     |  1- 3 |  4- 6 || total
---------------------------+-------+-------++-------
   Fire: Shortbow          |    80 |    54 ||   134
    Use: Scroll            |     6 |       ||     6
 Armour: Leather armour    |    17 |    24 ||    41
  Dodge: Dodged            |    20 |    21 ||    41

Table legend:
 A = Non-vault XP
 B = Vault XP
 C = Vault XP percentage of total XP
 D = Non-vault monster count
 E = Vault monster count
 F = Vault count percentage of total count
                 A         B        C        D         E       F
            +---------+---------+-------+---------+---------+-------
      Total |     216 |      36 |  14.3 |      39 |       1 |   2.5
            +---------+---------+-------+---------+---------+-------
        D:1 |      38 |       0 |   0.0 |      20 |       0 |   0.0
        D:2 |      22 |       0 |   0.0 |       7 |       0 |   0.0
        D:3 |     156 |      36 |  18.8 |      12 |       1 |   7.7
            +---------+---------+-------+---------+---------+-------
